 Dungeon Crawl Stone Soup version 0.30-a0-924-g0ad0bf95bc (webtiles) character file.

Game seed: 6148146097466009059

13329 mopl the Tainter (level 12, -1/89 HPs)
             Began as a Formicid Venom Mage on Mar 22, 2023.
             Was an Elder of Cheibriados.
             Slain by an orc warrior
             ... wielding a +0 trident
              (14 damage)
             ... on level 2 of the Orcish Mines.
             The game lasted 00:17:14 (10223 turns).

mopl the Tainter (Formicid Venom Mage)             Turns: 10223, Time: 00:17:14

Health: -1/89      AC: -1    Str: 23    XL:     12   Next: 31%
Magic:  8/16       EV: 22    Int: 30    God:    Cheibriados [****..]
Gold:   607        SH:  0    Dex: 24    Spells: 12/17 levels left

rFire   . . .      SeeInvis +    a - +3 war axe (elec)
rCold   . . .      Faith    .    (no shield)
rNeg    . . .      Spirit   .    P - +0 steam dragon scales
rPois   .          Reflect  .    (helmet unavailable)
rElec   .          Rampage  .    z - scarf {+Inv}
rCorr   +                        F - +0 pair of gloves
Will    +....                    o - +1 pair of boots
Stlth   +++                      (no amulet)
HPRegen 0.34/turn                l - ring of resist corrosion
MPRegen 0.15/turn                w - +5 ring of evasion

@: corroded, very slow
A: permanent stasis, dig shafts and tunnels, antennae 3, four strong arms
a: Dig, Shaft Self, Renounce Religion, Evoke Invisibility, Bend Time, Temporal
Distortion, Slouch


You were on level 2 of the Orcish Mines.
You worshipped Cheibriados.
Cheibriados was greatly pleased with you.
You visited 3 branches of the dungeon, and saw 13 of its levels.

You collected 887 gold pieces.
You spent 280 gold pieces at shops.

Inventory:

Hand Weapons
 a - a +3 war axe of electrocution (weapon)
 D - a +3 scimitar of flaming
Missiles
 e - 25 poisoned darts
 h - 4 atropa-tipped darts
 Q - a curare-tipped dart
 U - 3 boomerangs
Armour
 o - a +1 pair of boots (worn)
 z - a scarf of invisibility (worn)
 F - a +0 pair of gloves (worn)
 P - +0 steam dragon scales (worn)
Magical Staves
 b - a staff of poison
 c - a staff of death
Jewellery
 l - a ring of resist corrosion (left hand)
 u - a ring of flight
 w - a +5 ring of evasion (right hand)
 H - a ring of wizardry
 R - a +4 ring of protection
Wands
 s - a wand of iceblast (5)
 C - a wand of flame (15)
 V - a wand of paralysis (5)
Scrolls
 f - 2 scrolls of vulnerability {unknown}
 k - 5 scrolls of enchant armour {unknown}
 p - a scroll of enchant weapon {unknown}
 t - 2 scrolls of blinking {unknown}
 v - 4 scrolls of teleportation
 y - 3 scrolls of fear {unknown}
 B - a scroll of noise {unknown}
 J - 2 scrolls of torment {!r}
 K - a scroll of amnesia {unknown}
 L - 2 scrolls of acquirement {unknown}
 M - 2 scrolls of immolation {unknown}
 N - a scroll of poison
 O - 2 scrolls of fog
 T - a scroll of magic mapping {unknown}
Potions
 m - a potion of heal wounds
 n - 4 potions of brilliance {unknown}
 q - a potion of might
 r - 4 potions of curing {unknown}
 x - 2 potions of haste {unknown}
 A - 3 potions of resistance {unknown}
 E - 2 potions of magic
 G - 2 potions of lignification {unknown}
 I - a potion of cancellation
Miscellaneous
 S - a phial of floods


   Skills:
 + Level 6.9 Fighting
 * Level 9.1 Axes
 + Level 6.3 Throwing
 + Level 7.0 Armour
 + Level 6.1 Dodging
 - Level 2.4 Stealth
 - Level 3.0 Spellcasting
 - Level 1.1 Transmutations
 + Level 9.9 Poison Magic
 + Level 5.5 Invocations
 + Level 6.8 Evocations


You had 12 spell levels left.
You knew the following spells:

 Your Spells              Type           Power      Damage    Failure   Level
a - Sting                 Tmut/Pois      100%       1d8       1%          1
o - Olgreb's Toxic Radia  Pois           59%        N/A       1%          4

Your spell library contained the following spells:

 Spells                   Type           Power      Damage    Failure   Level
 Poisonous Vapours        Pois/Air       68%        N/A       1%          2
 Spider Form              Tmut/Pois      37%        N/A       2%          3
 Beastly Appendage        Tmut           22%        N/A       4%          1
 Mephitic Cloud           Conj/Pois/Air  24%        N/A       5%          3
 Magic Dart               Conj           16%        1d3       7%          1
 Necrotise                Necr           16%        1d4       7%          1
 Wereblood                Tmut           11%        N/A       7%          2
 Lesser Beckoning         Tloc           8%         N/A       11%         2
 Momentum Strike          Conj/Tloc      8%         3d8       11%         2
 Searing Ray              Conj           8%         2d4       11%         2
 Sublimation of Blood     Necr           4%         N/A       11%         2
 Vampiric Draining        Necr           4%         2d6       22%         3
 Petrify                  Tmut/Erth      7%         N/A       50%         4
 Fulminant Prism          Conj/Hex       2%         3d5       56%         4
 Irradiate                Conj/Tmut      3%         3d12      85%         5
 Agony                    Necr           4%         N/A       89%         5
 Blink                    Tloc           Unusable   N/A       N/A         2

Dungeon Overview and Level Annotations

Branches:
Dungeon (10/15)            Temple (1/1) D:7            Lair (0/5) D:9
    Orc (2/2) D:9
    Elf: Orc:2

Altars:
Ashenzari
Cheibriados
Dithmenos
Elyvilon
Fedhas
Gozag
Hepliaklqana
Kikubaaqudgha
Makhleb
Nemelex Xobeh
Okawaru
Qazlal
Ru
Sif Muna
Trog
Uskayaw
Vehumet
Wu Jian
Xom
Yredelemnul
Zin
The Shining One

Shops:
D:6 ?=:*[   Orc:1 (([

Annotations:
D:9 2 runed translucent doors


Innate Abilities, Weirdness & Mutations

You cannot be hasted, slowed, berserked, paralysed or teleported.
You can dig through walls and to a lower floor.
You have a pair of large antennae on your head. (SInv)
Your four strong arms can wield two-handed weapons with a shield.


Message History

The orc warrior attacks as you move away!
The orc warrior misses you. The rust devil closely misses you.
The orc warrior hits you from afar with a +0 trident.
The orc warrior completely misses you.
Items here: )) [ †.
The rust devil attacks as you move away!
The rust devil misses you. The orc warrior closely misses you.
There is a stone staircase leading up, spattered with blood here.
Unknown command.
You're wearing all the rings you can.
Remove which one? (? for menu, Esc to cancel) < or
R - a +4 ring of protection; > or
w - a +5 ring of evasion You remove your +4 ring of protection.
The orc warrior completely misses you. The orc warrior barely misses you.
The rust devil hits you. The rust devil corrodes you!
l - a ring of resist corrosion (left hand)
Casting: Olgreb's Toxic Radiance (mildly dangerous; 1% risk of failure)
Confirm with . or Enter, or press ? or * to list all spells.
You begin to radiate toxic energy.
The orc warrior is poisoned. x2
The orc warrior looks even sicker.
The orc warrior misses you. The orc warrior closely misses you.
The rust devil hits you.
Unknown command.
You hit the rust devil.
The rust devil is lightly wounded.
You hit the orc warrior.
The orc warrior looks even sicker. x2
The orc warrior completely misses you. The rust devil completely misses you.
The orc warrior hits you with a +0 mace!
The rust devil hits you. The rust devil corrodes you!
The orc warrior hits you with a +0 mace!
The orc warrior hits you from afar with a +0 trident!
* * * LOW HITPOINT WARNING * * *
Activating: Slouch (17% risk of failure)
Press: ? - help, Dir - look around, f - activate You fail to use your ability.
Your toxic aura wanes.
The orc warrior hits you with a +0 mace.
* * * LOW HITPOINT WARNING * * *
The rust devil closely misses you.
The orc warrior hits you from afar with a +0 trident!
You die...

##..# ........#.. ##..#
##.......#... . {
##.[#####............ ..
##..###.##.............
...###..###...##............ ..
..#..#..[###....#............
..........................#.....
........#....oo...........#.....
...##........4@...............#
..............................
#........)............).....
###.....................)....
...##..........)............)....
.................#...............
..............<..................
............)#............^......
......#.........[................


You could see a rust devil and 2 orc warriors.

Vanquished Creatures
  Erica (D:8)
  A two-headed ogre (D:9)
  An orc knight (Orc:2)
  An orc sorcerer (Orc:1)
  A red devil (Orc:2)
  A troll (Orc:1)
  Grinder (D:6)
  4 hornets
  22 yaks
  3 steam dragons
  4 vampire mosquitoes (D:10)
  Menkaure (D:7)
  A warg (Orc:2)
  2 water moccasins
  A floating eye (Orc:1)
  9 orc warriors
  A black bear (D:7)
  An ice beast (D:8)
  A sky beast (D:7)
  9 ogres
  3 centaurs
  3 phantoms
  2 kobold brigands
  6 bullfrogs
  2 scorpions
  7 wights
  12 killer bees
  3 howler monkeys (D:8)
  2 jellies (D:6)
  10 orc priests
  2 gnoll boudas (D:7)
  6 hounds
  2 sleepcaps
  Jessica (D:2)
  4 iguanas
  8 orc wizards
  12 gnolls
  7 adders
  3 shadow imps
  3 white imps
  2 ufetubi
  2 worms (D:3)
  2 dart slugs (D:5)
  29 orcs
  6 bats
  12 endoplasms
  3 giant cockroaches (D:1)
  8 goblins
  10 hobgoblins
  13 kobolds
  3 quokkas
  10 ball pythons
  A frilled lizard (D:1)
  2 rats
267 creatures vanquished.

Vanquished Creatures (others)
  A phantom (D:6)
  An adder (D:6)
2 creatures vanquished.

Grand Total: 269 creatures vanquished

Notes
Turn   | Place    | Note
-------+----------+-------------------------------------------
     0 | D:1      | mopl the Formicid Venom Mage began the quest for the Orb.
     0 | D:1      | Reached XP level 1. HP: 13/13 MP: 3/3
   119 | D:1      | Reached XP level 2. HP: 19/19 MP: 0/5
   279 | D:1      | Reached XP level 3. HP: 24/24 MP: 1/7
   376 | D:1      | Reached skill level 3 in Spellcasting
   631 | D:1      | Reached skill level 5 in Poison Magic
  1123 | D:2      | Found a faded altar of an unknown god.
  1173 | D:2      | Reached XP level 4. HP: 6/30 MP: 0/8
  1280 | D:2      | Learned a level 4 spell: Olgreb's Toxic Radiance
  1715 | D:2      | Noticed Jessica
  1721 | D:2      | Killed Jessica
  1722 | D:2      | Reached skill level 1 in Axes
  1722 | D:2      | Reached skill level 1 in Armour
  1722 | D:2      | Reached skill level 2 in Dodging
  1722 | D:2      | Reached XP level 5. HP: 36/36 MP: 4/9
  2427 | D:3      | Reached skill level 1 in Fighting
  2582 | D:3      | Reached skill level 1 in Evocations
  2958 | D:3      | Found a shimmering altar of Xom.
  2992 | D:4      | Found a shimmering blue altar of Sif Muna.
  2995 | D:4      | Found a basalt altar of Yredelemnul.
  2998 | D:4      | Found a sacrificial altar of Ru.
  2998 | D:4      | Found a broken altar of Ashenzari.
  3067 | D:4      | Reached skill level 1 in Throwing
  3067 | D:4      | Reached XP level 6. HP: 37/43 MP: 5/10
  3118 | D:4      | Found an opulent altar of Gozag.
  3255 | D:4      | Reached skill level 2 in Axes
  3444 | D:5      | Entered Level 5 of the Dungeon
  3451 | D:5      | Noticed an ogre
  3452 | D:5      | Reached skill level 6 in Poison Magic
  3463 | D:5      | Killed an ogre
  3464 | D:5      | Reached skill level 2 in Fighting
  3464 | D:5      | Reached XP level 7. HP: 50/50 MP: 2/11
  3510 | D:5      | Reached skill level 2 in Evocations
  3532 | D:5      | Reached skill level 2 in Armour
  3651 | D:5      | Reached skill level 3 in Axes
  3817 | D:5      | Found a radiant altar of Vehumet.
  3864 | D:5      | Reached skill level 2 in Throwing
  4049 | D:6      | Reached XP level 8. HP: 57/57 MP: 12/12
  4058 | D:6      | Reached skill level 3 in Dodging
  4148 | D:6      | Reached skill level 4 in Axes
  4180 | D:6      | Reached skill level 3 in Fighting
  4180 | D:6      | Reached skill level 3 in Evocations
  4205 | D:6      | Reached skill level 3 in Armour
  4434 | D:6      | Reached skill level 3 in Throwing
  4609 | D:6      | Reached skill level 7 in Poison Magic
  4609 | D:6      | Reached XP level 9. HP: 36/64 MP: 8/13
  4829 | D:6      | Reached skill level 5 in Axes
  5115 | D:6      | Found Domiofed's General Store.
  5118 | D:6      | Bought a scroll of torment for 95 gold pieces
  5118 | D:6      | Bought a scroll of identify for 20 gold pieces
  5141 | D:6      | Found an iron altar of Okawaru.
  5166 | D:6      | Found Qinimm's Antique Armour Shoppe.
  5327 | D:6      | Reached skill level 4 in Fighting
  5343 | D:6      | Noticed Grinder
  5357 | D:6      | Reached skill level 4 in Evocations
  5362 | D:6      | Killed Grinder
  5363 | D:6      | Reached skill level 4 in Armour
  5363 | D:6      | Reached skill level 4 in Dodging
  5628 | D:6      | Found Firipen's Magic Scroll Boutique.
  5638 | D:6      | Bought a scroll of teleportation for 45 gold pieces
  5638 | D:6      | Bought a scroll of poison for 60 gold pieces
  5638 | D:6      | Bought a scroll of fog for 60 gold pieces
  5667 | D:6      | Found Zaceep's Jewellery Boutique.
  5775 | D:6      | Found Guirair's Book Boutique.
  5890 | D:7      | Found a bloodstained altar of Trog.
  6157 | D:7      | Noticed Menkaure
  6163 | D:7      | Killed Menkaure
  6164 | D:7      | Reached skill level 6 in Axes
  6164 | D:7      | Reached skill level 4 in Throwing
  6265 | D:7      | Found a staircase to the Ecumenical Temple.
  6280 | Temple   | Entered the Ecumenical Temple
  6415 | Temple   | Became a worshipper of Cheibriados the Contemplative
  6586 | D:7      | Reached XP level 10. HP: 71/73 MP: 14/14
  6696 | D:7      | Reached skill level 8 in Poison Magic
  6696 | D:7      | Reached skill level 1 in Invocations
  6849 | D:7      | Reached * piety under Cheibriados
  7003 | D:8      | Reached skill level 5 in Fighting
  7003 | D:8      | Reached skill level 2 in Invocations
  7012 | D:8      | Reached skill level 5 in Armour
  7012 | D:8      | Reached skill level 5 in Evocations
  7032 | D:8      | Noticed Erica
  7041 | D:8      | Killed Erica
  7042 | D:8      | Reached skill level 7 in Axes
  7104 | D:8      | Reached ** piety under Cheibriados
  7179 | D:8      | Found a hazy altar of Hepliaklqana.
  7182 | D:8      | Found a blossoming altar of Fedhas.
  7182 | D:8      | Found an ornate altar of the Wu Jian Council.
  7187 | D:8      | Found a hide-covered altar of Uskayaw.
  7411 | D:8      | Reached skill level 3 in Invocations
  7422 | D:8      | Reached skill level 5 in Dodging
  7522 | D:9      | Found a staircase to the Lair.
  7562 | D:9      | Reached skill level 5 in Throwing
  7565 | D:9      | Reached XP level 11. HP: 65/80 MP: 3/15
  7671 | D:9      | Reached skill level 9 in Poison Magic
  7677 | D:9      | Reached skill level 4 in Invocations
  7680 | D:9      | Reached skill level 6 in Fighting
  7680 | D:9      | Reached skill level 8 in Axes
  7680 | D:9      | Reached skill level 6 in Armour
  7686 | D:9      | Found a staircase to the Orcish Mines.
  7847 | D:9      | Reached *** piety under Cheibriados
  7944 | D:9      | Found a runed translucent door.
  7944 | D:9      | Found a runed translucent door.
  7944 | D:9      | Noticed a deep elf pyromancer
  7944 | D:9      | Noticed a red ugly thing
  7944 | D:9      | Noticed a manticore
  7944 | D:9      | Noticed a manticore
  7963 | D:9      | Reached skill level 6 in Evocations
  8048 | D:9      | Noticed a two-headed ogre
  8058 | D:9      | Killed a two-headed ogre
  8077 | D:9      | Found an ancient bone altar of Kikubaaqudgha.
  8099 | D:9      | Found a burning altar of Makhleb.
  8302 | D:10     | Entered Level 10 of the Dungeon
  8823 | Orc:1    | Entered Level 1 of the Orcish Mines
  8823 | Orc:1    | Found Kungul's Weapon Boutique.
  8960 | Orc:1    | Reached **** piety under Cheibriados
  9008 | Orc:1    | Found Foblu's Armour Shoppe.
  9048 | Orc:1    | Found Soadehia's Antique Weapon Shoppe.
  9062 | Orc:1    | Reached skill level 5 in Invocations
  9233 | Orc:1    | Reached skill level 6 in Throwing
  9239 | Orc:1    | Noticed an orc sorcerer
  9242 | Orc:1    | Reached XP level 12. HP: 89/89 MP: 9/16
  9519 | Orc:2    | Entered Level 2 of the Orcish Mines
  9537 | Orc:2    | Reached skill level 6 in Dodging
  9546 | Orc:1    | Reached skill level 9 in Axes
 10158 | Orc:2    | Reached skill level 7 in Armour
 10223 | Orc:2    | Slain by an orc warrior

Illustrated notes

Levels and vault maps discovered:
D:1:      minmay_arrival_stone_box, layout_basic
D:2:      layout_loops_corners, dreamdust_ecumenical_altar_angels_and_demons,
          serial_rivers, chequers_serial_rivers_micro_b,
          chequers_serial_rivers_large_a, chequers_serial_rivers_large_b,
          chequers_serial_rivers_micro_d, chequers_serial_rivers_micro_a,
          chequers_serial_rivers_micro_a, uniq_jessica
D:3:      layout_loops_ring, mainiacjoe_overflow_alcove_1, minivault_26,
          corexii_shack
D:4:      layout_rooms, grunt_gozag_statues, nicolae_overflow_hidden_temple,
          moated_statue
D:5:      layout_rooms, lemuel_round_altar, grunt_ministairs_2
D:6:      layout_basic, okawaru_trees_2, serial_shops,
          nicolae_shop_behind_doors, nicolae_shop_crystal, nicolae_diamond_shop,
          kennysheep_little_box, kennysheep_mini_moat,
          minmay_fractal_squares_diagonal_5, uniq_grinder
D:7:      layout_loops_corners, trog_book, minmay_temple_entry_mist,
          uniq_menkaure
D:8:      layout_cave_pools, grunt_temple_overflow_open, uniq_erica
D:9:      minmay_the_grid_four_pointed_star_mashed
          [minmay_the_grid_triangle_9x9_intruding_spiral,
          minmay_the_grid_triangle_9x9_steps,
          minmay_the_grid_triangle_9x9_odd_lines,
          minmay_the_grid_triangle_9x9_tough_junction,
          minmay_the_grid_prize_inner_circle], layout_rooms,
          mainiacjoe_overflow_paths, lightli_temple_of_fire, orc_0_dummy
D:10:     layout_small_grid, hangedman_abyss_or_decor_passed
Temple:   nicolae_temple_superstar
Orc:1:    hellmonk_paralyzer, layout_caves, serial_shops, nicolae_square_shop,
          shop, nicolae_diamond_shop
Orc:2:    pf_orc_diabolical, layout_caves, nooodl_orcs_dogs

Skill      XL: |  1  2  3  4  5  6  7  8  9 10 11 12 |
---------------+-------------------------------------+-----
Spellcasting   | 3 |  3.0
Poison Magic   | 5 6 7 8 9 |  9.9
Axes           | 1 2 3 4 6 7 8 9 |  9.1
Armour         | 1 2 3 4 5 6 7 |  7.0
Dodging        | 2 3 4 5 6 |  6.1
Fighting       | 1 2 3 4 5 6 |  6.9
Evocations     | 1 2 3 4 5 6 |  6.8
Throwing       | 1 2 3 4 5 6 |  6.3
Invocations    | 3 5 |  5.5
Stealth        | |  2.4
Transmutations | |  1.1

Action                     |  1- 3 |  4- 6 |  7- 9 | 10-12 || total
---------------------------+-------+-------+-------+-------++-------
  Melee: Staff             |    37 |     1 |       |     8 ||    46
         Punch             |     1 |       |     1 |     3 ||     5
         War axe           |       |    78 |   166 |   237 ||   481
   Cast: Sting             |    51 |    14 |     5 |       ||    70
         Olgreb's Toxic Ra |       |     3 |    11 |    51 ||    65
Ability: Dig               |       |     1 |       |       ||     1
  Evoke: Wand              |       |       |     2 |     1 ||     3
    Use: Scroll            |       |       |       |     6 ||     6
   Stab: Sleeping          |     2 |     8 |     6 |     1 ||    17
         Distracted        |       |     1 |     1 |       ||     2
 Armour: Robe              |     9 |    18 |    19 |       ||    46
         Steam dragon scal |       |       |     3 |    44 ||    47
  Dodge: Dodged            |    45 |    50 |   193 |   320 ||   608

Table legend: (Time is in decaauts)
 A = Elapsed time spent in this place.
 B = Non-inter-level travel time spent in this place.
 C = Inter-level travel time spent in this place.
 D = Time resting spent in this place.
 E = Time spent auto-exploring this place.
 F = Levels seen in this place.
 G = Mean time per level.
                   A        B        C        D        E       F      G
               +--------+--------+--------+--------+--------+-----+--------+
         Total |  11711 |  11250 |    461 |   2344 |   6740 |  13 |  900.8 |
       Dungeon |   9874 |   9482 |    392 |   1771 |   5964 |  10 |  987.4 |
        Temple |    171 |    135 |     36 |      0 |    106 |   1 |  171.0 |
  Orcish Mines |   1666 |   1634 |     32 |    573 |    670 |   2 |  833.0 |
               +--------+--------+--------+--------+--------+-----+--------+

Top non-repeatable levels by time:
     D:6: 1308 daAuts
   Orc:1: 1283 daAuts
     D:2: 1279 daAuts
     D:9: 1216 daAuts
     D:5: 1156 daAuts
     D:7: 1132 daAuts
     D:1: 1082 daAuts
    D:10: 825 daAuts
     D:8: 714 daAuts
     D:3: 695 daAuts
     D:4: 464 daAuts
   Orc:2: 382 daAuts
  Temple: 171 daAuts
